%YAML 1.1
%TAG !u! tag:unity3d.com,2011:
--- !u!1 &8726566445994517752
GameObject:
  m_ObjectHideFlags: 0
  m_CorrespondingSourceObject: {fileID: 0}
  m_PrefabInstance: {fileID: 0}
  m_PrefabAsset: {fileID: 0}
  serializedVersion: 6
  m_Component:
  - component: {fileID: 8726566445994517745}
  - component: {fileID: 8726566445994517744}
  - component: {fileID: 8726566445994517759}
  - component: {fileID: 8726566445994517758}
  - component: {fileID: 8726566445994517754}
  - component: {fileID: 8726566445994517753}
  - component: {fileID: 7088318255461733780}
  - component: {fileID: 6652277709219905158}
  - component: {fileID: 4500536204538113576}
  - component: {fileID: -3791012857751473346}
  - component: {fileID: 5037646685458781877}
  - component: {fileID: -6141431617961986832}
  m_Layer: 10
  m_Name: EarthMatrixTarget
  m_TagString: Untagged
  m_Icon: {fileID: 0}
  m_NavMeshLayer: 0
  m_StaticEditorFlags: 0
  m_IsActive: 0
--- !u!224 &8726566445994517745
RectTransform:
  m_ObjectHideFlags: 0
  m_CorrespondingSourceObject: {fileID: 0}
  m_PrefabInstance: {fileID: 0}
  m_PrefabAsset: {fileID: 0}
  m_GameObject: {fileID: 8726566445994517752}
  m_LocalRotation: {x: -0, y: -0, z: -0, w: 1}
  m_LocalPosition: {x: 0, y: 0, z: 6.62}
  m_LocalScale: {x: 0.33, y: 0.33, z: 0.33}
  m_ConstrainProportionsScale: 0
  m_Children: []
  m_Father: {fileID: 0}
  m_RootOrder: 0
  m_LocalEulerAnglesHint: {x: 0, y: 0, z: 0}
  m_AnchorMin: {x: 0.5, y: 0.5}
  m_AnchorMax: {x: 0.5, y: 0.5}
  m_AnchoredPosition: {x: 1.8139992, y: -0.85499954}
  m_SizeDelta: {x: 0.25, y: 0.25}
  m_Pivot: {x: 0.5, y: 0.5}
--- !u!33 &8726566445994517744
MeshFilter:
  m_ObjectHideFlags: 0
  m_CorrespondingSourceObject: {fileID: 0}
  m_PrefabInstance: {fileID: 0}
  m_PrefabAsset: {fileID: 0}
  m_GameObject: {fileID: 8726566445994517752}
  m_Mesh: {fileID: 10207, guid: 0000000000000000e000000000000000, type: 0}
--- !u!23 &8726566445994517759
MeshRenderer:
  m_ObjectHideFlags: 0
  m_CorrespondingSourceObject: {fileID: 0}
  m_PrefabInstance: {fileID: 0}
  m_PrefabAsset: {fileID: 0}
  m_GameObject: {fileID: 8726566445994517752}
  m_Enabled: 1
  m_CastShadows: 1
  m_ReceiveShadows: 1
  m_DynamicOccludee: 1
  m_StaticShadowCaster: 0
  m_MotionVectors: 1
  m_LightProbeUsage: 1
  m_ReflectionProbeUsage: 1
  m_RayTracingMode: 2
  m_RayTraceProcedural: 0
  m_RenderingLayerMask: 1
  m_RendererPriority: 0
  m_Materials:
  - {fileID: 2100000, guid: 47337ff408663224294b495d9243796b, type: 2}
  m_StaticBatchInfo:
    firstSubMesh: 0
    subMeshCount: 0
  m_StaticBatchRoot: {fileID: 0}
  m_ProbeAnchor: {fileID: 0}
  m_LightProbeVolumeOverride: {fileID: 0}
  m_ScaleInLightmap: 1
  m_ReceiveGI: 1
  m_PreserveUVs: 0
  m_IgnoreNormalsForChartDetection: 0
  m_ImportantGI: 0
  m_StitchLightmapSeams: 1
  m_SelectedEditorRenderState: 3
  m_MinimumChartSize: 4
  m_AutoUVMaxDistance: 0.5
  m_AutoUVMaxAngle: 89
  m_LightmapParameters: {fileID: 0}
  m_SortingLayerID: 0
  m_SortingLayer: 0
  m_SortingOrder: 0
  m_AdditionalVertexStreams: {fileID: 0}
--- !u!135 &8726566445994517758
SphereCollider:
  m_ObjectHideFlags: 0
  m_CorrespondingSourceObject: {fileID: 0}
  m_PrefabInstance: {fileID: 0}
  m_PrefabAsset: {fileID: 0}
  m_GameObject: {fileID: 8726566445994517752}
  m_Material: {fileID: 0}
  m_IsTrigger: 0
  m_Enabled: 1
  serializedVersion: 2
  m_Radius: 0.5
  m_Center: {x: 0, y: 0, z: 0}
--- !u!114 &8726566445994517754
MonoBehaviour:
  m_ObjectHideFlags: 0
  m_CorrespondingSourceObject: {fileID: 0}
  m_PrefabInstance: {fileID: 0}
  m_PrefabAsset: {fileID: 0}
  m_GameObject: {fileID: 8726566445994517752}
  m_Enabled: 1
  m_EditorHideFlags: 0
  m_Script: {fileID: 11500000, guid: 99a741ed36220534d8c8b4ed8742a73e, type: 3}
  m_Name: 
  m_EditorClassIdentifier: 
  customTrackingName: SolarSystem_Earth
  trackPosition: 0
  trackRotation: 0
  trackScale: 0
  autoRegister: 1
  enableEyeTracking: 1
  trackHandsInteration: 1
  trackPointing: 1
  trackDestroy: 0
  onTracked:
    m_PersistentCalls:
      m_Calls: []
  onRegistered:
    m_PersistentCalls:
      m_Calls: []
--- !u!114 &8726566445994517753
MonoBehaviour:
  m_ObjectHideFlags: 0
  m_CorrespondingSourceObject: {fileID: 0}
  m_PrefabInstance: {fileID: 0}
  m_PrefabAsset: {fileID: 0}
  m_GameObject: {fileID: 8726566445994517752}
  m_Enabled: 1
  m_EditorHideFlags: 0
  m_Script: {fileID: 11500000, guid: e7a5f88831674785b0dd99cc863f00f7, type: 3}
  m_Name: 
  m_EditorClassIdentifier: 
  activateActionSetOnAttach:
    actionSetPath: 
  hideHandOnAttach: 1
  hideSkeletonOnAttach: 0
  hideControllerOnAttach: 0
  handAnimationOnPickup: 0
  setRangeOfMotionOnPickup: -1
  useHandObjectAttachmentPoint: 1
  attachEaseIn: 0
  snapAttachEaseInCurve:
    serializedVersion: 2
    m_Curve:
    - serializedVersion: 3
      time: 0
      value: 0
      inSlope: 0
      outSlope: 0
      tangentMode: 0
      weightedMode: 0
      inWeight: 0
      outWeight: 0
    - serializedVersion: 3
      time: 1
      value: 1
      inSlope: 0
      outSlope: 0
      tangentMode: 0
      weightedMode: 0
      inWeight: 0
      outWeight: 0
    m_PreInfinity: 2
    m_PostInfinity: 2
    m_RotationOrder: 4
  snapAttachEaseInTime: 0.15
  snapAttachEaseInCompleted: 0
  skeletonPoser: {fileID: 0}
  handFollowTransform: 1
  highlightOnHover: 1
  hideHighlight: []
  hoverPriority: 0
--- !u!114 &7088318255461733780
MonoBehaviour:
  m_ObjectHideFlags: 0
  m_CorrespondingSourceObject: {fileID: 0}
  m_PrefabInstance: {fileID: 0}
  m_PrefabAsset: {fileID: 0}
  m_GameObject: {fileID: 8726566445994517752}
  m_Enabled: 1
  m_EditorHideFlags: 0
  m_Script: {fileID: 11500000, guid: f275b00fba4854041a3931c213b5e38f, type: 3}
  m_Name: 
  m_EditorClassIdentifier: 
  hoverMaterial: {fileID: 0}
  selectMaterial: {fileID: 0}
  reactsOnLeftPointer: 1
  reactsOnRightPointer: 1
  allowSelection: 1
  allowClick: 1
  allowHover: 1
  enableDefaultMouseInteractions: 1
  outlineOnHover: 1
  onClick:
    m_PersistentCalls:
      m_Calls: []
  onHover:
    m_PersistentCalls:
      m_Calls: []
  onUnhover:
    m_PersistentCalls:
      m_Calls: []
  onSelect:
    m_PersistentCalls:
      m_Calls: []
  onUnselect:
    m_PersistentCalls:
      m_Calls: []
  onPressed:
    m_PersistentCalls:
      m_Calls: []
  onReleased:
    m_PersistentCalls:
      m_Calls: []
  onIsHolding:
    m_PersistentCalls:
      m_Calls: []
  onBeginHolding:
    m_PersistentCalls:
      m_Calls: []
  onEndHolding:
    m_PersistentCalls:
      m_Calls: []
--- !u!114 &6652277709219905158
MonoBehaviour:
  m_ObjectHideFlags: 0
  m_CorrespondingSourceObject: {fileID: 0}
  m_PrefabInstance: {fileID: 0}
  m_PrefabAsset: {fileID: 0}
  m_GameObject: {fileID: 8726566445994517752}
  m_Enabled: 1
  m_EditorHideFlags: 0
  m_Script: {fileID: 11500000, guid: cfe9beac97ba40a4b547d6ec9791add3, type: 3}
  m_Name: 
  m_EditorClassIdentifier: 
  onSelected:
    m_PersistentCalls:
      m_Calls: []
  trsMatrix: {fileID: 0}
--- !u!114 &4500536204538113576
MonoBehaviour:
  m_ObjectHideFlags: 0
  m_CorrespondingSourceObject: {fileID: 0}
  m_PrefabInstance: {fileID: 0}
  m_PrefabAsset: {fileID: 0}
  m_GameObject: {fileID: 8726566445994517752}
  m_Enabled: 1
  m_EditorHideFlags: 0
  m_Script: {fileID: 11500000, guid: a52f3b4cafad4213b489f6662827179e, type: 3}
  m_Name: 
  m_EditorClassIdentifier: 
  referenceToDropTarget: {fileID: 0}
  reactsOnPointable: {fileID: 0}
--- !u!114 &-3791012857751473346
MonoBehaviour:
  m_ObjectHideFlags: 0
  m_CorrespondingSourceObject: {fileID: 0}
  m_PrefabInstance: {fileID: 0}
  m_PrefabAsset: {fileID: 0}
  m_GameObject: {fileID: 8726566445994517752}
  m_Enabled: 1
  m_EditorHideFlags: 0
  m_Script: {fileID: 11500000, guid: 428db226f1fcf0e4fa5cee4476ff24f5, type: 3}
  m_Name: 
  m_EditorClassIdentifier: 
--- !u!114 &5037646685458781877
MonoBehaviour:
  m_ObjectHideFlags: 0
  m_CorrespondingSourceObject: {fileID: 0}
  m_PrefabInstance: {fileID: 0}
  m_PrefabAsset: {fileID: 0}
  m_GameObject: {fileID: 8726566445994517752}
  m_Enabled: 1
  m_EditorHideFlags: 0
  m_Script: {fileID: 11500000, guid: 6a30e85d031383849a59a0f1b1c6e089, type: 3}
  m_Name: 
  m_EditorClassIdentifier: 
  onFocused:
    m_PersistentCalls:
      m_Calls: []
  onBlur:
    m_PersistentCalls:
      m_Calls: []
--- !u!114 &-6141431617961986832
MonoBehaviour:
  m_ObjectHideFlags: 0
  m_CorrespondingSourceObject: {fileID: 0}
  m_PrefabInstance: {fileID: 0}
  m_PrefabAsset: {fileID: 0}
  m_GameObject: {fileID: 8726566445994517752}
  m_Enabled: 1
  m_EditorHideFlags: 0
  m_Script: {fileID: 11500000, guid: ae07eff5cb242fc479fe5d58ea571068, type: 3}
  m_Name: 
  m_EditorClassIdentifier: 
  onMouseClick:
    m_PersistentCalls:
      m_Calls: []
  onMouseEnter:
    m_PersistentCalls:
      m_Calls: []
  onMouseLeave:
    m_PersistentCalls:
      m_Calls: []
  onMouseDown:
    m_PersistentCalls:
      m_Calls: []
  onMouseUp:
    m_PersistentCalls:
      m_Calls: []
